AoeStats
← lillebror

Arabian Desert

509702552Analyzed
1v1 RM · 3d ago on Sep 27, 2026· 49m 7s· 2 players
Game mode
Random Map
Map size
Tiny (2 player)
Population
200
Speed
Normal
Resources
Standard
Victory
Conquest
Starting age
Dark Age
Ending age
Imperial Age
RankedLock teamsTeams togetherTeam positionsShared explorationLock speedFull tech treeHidden civsTurbo modeCheats
Victory
Defeat
🇩🇰 Hindustanis · Denmark
1175
+16
1179
-16
lillebror
7:39 Loom
9:44 Feudal Age
11:19 Double-Bit Axe
18:56 Castle Age
18:24 Horse Collar
20:56 Forging
20:53 Scale Barding Armor
20:54 Husbandry
21:16 Bow Saw
21:32 Gold Mining
23:59 Bloodlines
26:00 Wheelbarrow
26:43 Gold Shaft Mining
26:17 Heavy Plow
27:12 Stone Mining
29:42 Hand Cart
30:52 Fletching
33:54 Imperial Age
33:39 Iron Casting
33:00 Bodkin Arrow
33:25 Chain Barding Armor
34:03 Stone Shaft Mining
34:19 Heavy Camel Rider
36:43 Plate Barding Armor
36:39 Imperial Camel Rider
40:49 Ballistics
41:30 Chemistry
41:36 Blast Furnace
46:43 Two-Man Saw
46:18 Masonry
48:55 Bracer
48:56 Padded Archer Armor
48:56 Scale Mail Armor
los calzoncillos bien abajo
0:29 Loom
11:34 Feudal Age
12:04 Double-Bit Axe
13:52 Horse Collar
19:33 Fishing Lines
24:13 Castle Age
22:38 Fletching
25:31 Wheelbarrow
25:24 Bow Saw
26:13 Bodkin Arrow
27:44 Gold Mining
29:31 Padded Archer Armor
30:19 Ballistics
29:54 Gillnets
30:46 Gold Shaft Mining
30:05 Stone Mining
33:06 Hand Cart
33:12 Leather Archer Armor
33:37 Stone Shaft Mining
37:10 Imperial Age
35:02 Hand Cart
35:36 Thumb Ring
39:05 Chemistry
41:16 Bracer
41:47 Ring Archer Armor
42:56 Conscription
45:22 Murder Holes
49:17 Rocketry
Connection lost

Rejoining the realm…

Still unreachable

The connection could not be restored.

Session expired

The server has moved on; the page needs a fresh start.